TOP OF THE 1ST |
Helena Brewers batting - Pitching for Chicago (APP) Cubs : RHP Luis Solis
|
Pitching: RHP Luis Solis
|
|
Batting: RHB Daniel Pena
|
0-0: Foul Ball, location: 2F 0-1: Ball 1-1: Foul Ball, location: 2F 1-2: Ball 2-2: Ground out 4-3 (Groundball, 34, EV 76.2 MPH)
|
Batting: RHB Mohammed bin Ubaida
|
0-0: Swinging Strike 0-1: Swinging Strike 0-2: Strikes out swinging, 2-3 out at first.
|
Batting: RHB Frank Pena
|
0-0: Called Strike 0-1: Swinging Strike 0-2: SINGLE (Groundball, 6MS, EV 66.2 MPH) (infield hit)
|
Batting: LHB Jose Simental
|
0-0: Ball Passed Ball! Frank Pena to second 1-0: Foul Ball, location: 2F 1-1: Swinging Strike 1-2: Ball Wild Pitch! Frank Pena to third 2-2: DOUBLE (Line Drive, 3D, EV 107.5 MPH) Frank Pena scores
|
Batting: SHB C.J. Olivares
|
0-0: Ball Passed Ball! Jose Simental to third 1-0: Ball 2-0: Ground out 5-3 (Groundball, 5L, EV 103.8 MPH)
|
Top of the 1st over - 1 run, 2 hits, 0 errors, 1 left on base; Helena 1 - Chicago (APP) 0 |
BOTTOM OF THE 1ST |
Chicago (APP) Cubs batting - Pitching for Helena Brewers : LHP Mamoru Okazaki
|
Pitching: LHP Mamoru Okazaki
|
|
Batting: RHB Lencho Otieno
|
0-0: Ball 1-0: Ball 2-0: Ball 3-0: Base on Balls
|
Batting: RHB Jorge Gonzalez
|
0-0: Ball 1-0: Called Strike Lencho Otieno steals 2nd base 1-1: Swinging Strike 1-2: Ball 2-2: Strikes out looking
|
Batting: LHB Jose Mafano
|
0-0: Ball 1-0: Ball 2-0: Foul Ball, location: 2F 2-1: Ground out 4-3 (Groundball, 4M, EV 108.8 MPH) Lencho Otieno to third
|
Batting: RHB Andy Baumhardt
|
0-0: Ball 1-0: Called Strike 1-1: Foul Ball, location: 2F 1-2: Foul Ball, location: 2F 1-2: Strikes out swinging
|
Bottom of the 1st over - 0 runs, 0 hits, 0 errors, 1 left on base; Helena 1 - Chicago (APP) 0 |
TOP OF THE 2ND |
Helena Brewers batting - Pitching for Chicago (APP) Cubs : RHP Luis Solis
|
Batting: LHB Alex Chairez
|
0-0: Ball 1-0: Swinging Strike 1-1: Ball 2-1: Swinging Strike 2-2: Strikes out looking
|
Batting: RHB Steve Errico
|
0-0: Swinging Strike 0-1: Called Strike 0-2: Ball 1-2: Foul Ball, location: 2F 1-2: Ball 2-2: DOUBLE (Flyball, 8RD, EV 102.5 MPH)
|
Batting: RHB Fernando Mejia
|
0-0: Called Strike 0-1: Called Strike Passed Ball! Steve Errico to third 0-2: Ball 1-2: Foul Ball, location: 2F 1-2: Fly out, F9 (Line Drive, 9, EV 93.8 MPH)
|
Batting: RHB Jesus Menjivar
|
0-0: Swinging Strike 0-1: Ball Passed Ball! Steve Errico scores 1-1: Ball 2-1: SINGLE (Line Drive, 4MD, EV 99.4 MPH)
|
Batting: RHB Daniel Pena
|
0-0: 2-RUN HOME RUN (Flyball, 7D, EV 105.0 MPH), Distance : 400 ft
|
Batting: RHB Mohammed bin Ubaida
|
0-0: Ball 1-0: Swinging Strike 1-1: Foul Ball, location: 2F 1-2: Ball 2-2: Foul Ball, location: 2F 2-2: Fly out, F7 (Line Drive, 78M, EV 90.6 MPH)
|
Top of the 2nd over - 3 runs, 3 hits, 0 errors, 0 left on base; Helena 4 - Chicago (APP) 0 |
BOTTOM OF THE 2ND |
Chicago (APP) Cubs batting - Pitching for Helena Brewers : LHP Mamoru Okazaki
|
Batting: SHB Jim Lloyd
|
0-0: Ball 1-0: Swinging Strike 1-1: Fly out, F8 (Flyball, 8LM, EV 86.9 MPH)
|
Batting: RHB Andy Villarreal
|
0-0: Ground out 6-3 (Groundball, 6, EV 90.6 MPH)
|
Batting: SHB Rob Craft
|
0-0: Swinging Strike 0-1: Ball 1-1: Swinging Strike 1-2: Foul Ball, location: 2F 1-2: Strikes out looking
|
Bottom of the 2nd over - 0 runs, 0 hits, 0 errors, 0 left on base; Helena 4 - Chicago (APP) 0 |
TOP OF THE 3RD |
Helena Brewers batting - Pitching for Chicago (APP) Cubs : RHP Luis Solis
|
Batting: RHB Frank Pena
|
0-0: Called Strike 0-1: Swinging Strike 0-2: Ball 1-2: Strikes out swinging
|
Batting: LHB Jose Simental
|
0-0: Ball 1-0: Called Strike 1-1: Ball 2-1: TRIPLE (Flyball, 89XD, EV 108.1 MPH)
|
Batting: SHB C.J. Olivares
|
0-0: Foul Ball, location: 2F 0-1: Ball 1-1: Ball 2-1: Fly out, F5 (Popup, 6S, EV 85.0 MPH)
|
Batting: LHB Alex Chairez
|
0-0: Swinging Strike 0-1: Called Strike 0-2: Ball 1-2: Ball 2-2: Ball 3-2: Base on Balls
|
Batting: RHB Steve Errico
|
0-0: Called Strike 0-1: Called Strike 0-2: SINGLE (Line Drive, 6MD, EV 104.4 MPH) Jose Simental scores Alex Chairez to second
|
Pitching: RHP Mike Reusch
|
|
Batting: RHB Fernando Mejia
|
0-0: Ball 1-0: Swinging Strike 1-1: Foul Ball, location: 2F 1-2: Fly out, F7 (Flyball, 7D, EV 101.2 MPH)
|
Top of the 3rd over - 1 run, 2 hits, 0 errors, 2 left on base; Helena 5 - Chicago (APP) 0 |
BOTTOM OF THE 3RD |
Chicago (APP) Cubs batting - Pitching for Helena Brewers : LHP Mamoru Okazaki
|
Batting: SHB Joshua Vincent
|
0-0: Foul Ball, location: 2F 0-1: Foul Ball, location: 2F 0-2: Strikes out swinging
|
Batting: LHB Eddie Panagos
|
0-0: Fly out, F7 (Flyball, 7S, EV 86.9 MPH)
|
Batting: RHB Lencho Otieno
|
0-0: Swinging Strike 0-1: Ball 1-1: Ball 2-1: Foul Ball, location: 2F 2-2: Ball 3-2: Foul Ball, location: 2F 3-2: Foul Ball, location: 2F 3-2: Strikes out swinging, 2-3 out at first.
|
Bottom of the 3rd over - 0 runs, 0 hits, 0 errors, 0 left on base; Helena 5 - Chicago (APP) 0 |
TOP OF THE 4TH |
Helena Brewers batting - Pitching for Chicago (APP) Cubs : RHP Mike Reusch
|
Batting: RHB Jesus Menjivar
|
0-0: DOUBLE (Groundball, 5L, EV 102.5 MPH)
|
Batting: RHB Daniel Pena
|
0-0: Ball 1-0: Ball 2-0: Swinging Strike 2-1: DOUBLE (Flyball, 8LXD, EV 98.1 MPH) Jesus Menjivar scores
|
Batting: RHB Mohammed bin Ubaida
|
0-0: Ball 1-0: Foul Ball, location: 2F 1-1: Swinging Strike 1-2: Strikes out swinging
|
Batting: RHB Frank Pena
|
0-0: Ball Daniel Pena steals 3rd base 1-0: Ball Passed Ball! Daniel Pena scores 2-0: Ball 3-0: Base on Balls
|
Batting: LHB Jose Simental
|
0-0: Foul Ball, location: 2F 0-1: Foul Ball, location: 2F 0-2: Strikes out swinging
|
Pitching: RHP Robbie Schoen
|
|
Batting: SHB C.J. Olivares
|
0-0: Called Strike Frank Pena is caught stealing 2nd base 2-6
|
Top of the 4th over - 2 runs, 2 hits, 0 errors, 0 left on base; Helena 7 - Chicago (APP) 0 |
BOTTOM OF THE 4TH |
Chicago (APP) Cubs batting - Pitching for Helena Brewers : LHP Mamoru Okazaki
|
Batting: RHB Jorge Gonzalez
|
0-0: Ball 1-0: Called Strike 1-1: Called Strike 1-2: Ball 2-2: Strikes out swinging
|
Batting: LHB Jose Mafano
|
0-0: Called Strike 0-1: Swinging Strike 0-2: Ball 1-2: Ball 2-2: Ball 3-2: Foul Ball, location: 2F 3-2: Base on Balls
|
Batting: RHB Andy Baumhardt
|
0-0: Called Strike 0-1: Swinging Strike 0-2: Strikes out looking
|
Batting: SHB Jim Lloyd
|
0-0: Swinging Strike 0-1: SINGLE (Groundball, 56, EV 103.8 MPH) (infield hit) Jose Mafano to second
|
Batting: RHB Andy Villarreal
|
0-0: Called Strike 0-1: Ball 1-1: SINGLE (Groundball, 4MD, EV 99.4 MPH) Jose Mafano to third Jim Lloyd to second Runner from 3rd tries for Home, SAFE, throw by CF to home
|
Batting: SHB Rob Craft
|
0-0: Swinging Strike 0-1: Ball 1-1: Foul Ball, location: 2F 1-2: Ball 2-2: Strikes out swinging
|
Bottom of the 4th over - 1 run, 2 hits, 0 errors, 2 left on base; Helena 7 - Chicago (APP) 1 |
TOP OF THE 5TH |
Helena Brewers batting - Pitching for Chicago (APP) Cubs : RHP Robbie Schoen
|
Batting: SHB C.J. Olivares
|
0-0: Called Strike 0-1: Ball 1-1: Reached on error, E5 (Groundball, 56, EV 85.0 MPH)
|
Batting: LHB Alex Chairez
|
0-0: Called Strike 0-1: Ball 1-1: Ball Wild Pitch! C.J. Olivares to second 2-1: Ball Passed Ball! C.J. Olivares to third 3-1: Foul Ball, location: 2F 3-2: Strikes out swinging
|
Batting: RHB Steve Errico
|
0-0: Ball 1-0: Ball 2-0: Ball Passed Ball! C.J. Olivares scores 3-0: Base on Balls
|
Batting: RHB Fernando Mejia
|
0-0: Swinging Strike 0-1: Foul Ball, location: 2F 0-2: SINGLE (Groundball, 4MD, EV 97.5 MPH) Steve Errico to second
|
Batting: RHB Jesus Menjivar
|
0-0: Ball Passed Ball! Steve Errico to third Fernando Mejia to second 1-0: Ground out 1-3 (Groundball, 13, EV 68.1 MPH)
|
Pitching: RHP Man-keung Li
|
|
Batting: RHB Daniel Pena
|
0-0: Ball 1-0: Foul Ball, location: 2F 1-1: Ball Passed Ball! Steve Errico scores Fernando Mejia to third 2-1: Ball 3-1: Base on Balls
|
Batting: RHB Mohammed bin Ubaida
|
0-0: Ball Wild Pitch! Fernando Mejia scores Daniel Pena to second 1-0: Ball 2-0: Ball 3-0: Base on Balls
|
Batting: RHB Frank Pena
|
0-0: Called Strike 0-1: Foul Ball, location: 2F 0-2: Foul Ball, location: 2F 0-2: Foul Ball, location: 2F 0-2: Fly out, F4 (Popup, 3S, EV 78.8 MPH)
|
Top of the 5th over - 3 runs, 1 hit, 1 error, 2 left on base; Helena 10 - Chicago (APP) 1 |
BOTTOM OF THE 5TH |
Chicago (APP) Cubs batting - Pitching for Helena Brewers : LHP Mamoru Okazaki
|
Batting: SHB Joshua Vincent
|
0-0: Fly out, F9 (Flyball, 9LDF, EV 93.8 MPH)
|
Batting: LHB Eddie Panagos
|
0-0: Ground out 1-3 (Groundball, 15S, EV 68.8 MPH)
|
Batting: RHB Lencho Otieno
|
0-0: Swinging Strike 0-1: Ball 1-1: Foul Ball, location: 2F 1-2: Ball 2-2: Ball 3-2: Strikes out looking
|
Bottom of the 5th over - 0 runs, 0 hits, 0 errors, 0 left on base; Helena 10 - Chicago (APP) 1 |
TOP OF THE 6TH |
Helena Brewers batting - Pitching for Chicago (APP) Cubs : RHP Man-keung Li
|
Batting: LHB Jose Simental
|
0-0: Ball 1-0: Foul Ball, location: 2F 1-1: SINGLE (Flyball, 6MD, EV 87.5 MPH)
|
Batting: SHB C.J. Olivares
|
0-0: Ball Passed Ball! Jose Simental to second 1-0: Called Strike 1-1: Foul Ball, location: 2F 1-2: Ball 2-2: DOUBLE (Line Drive, 78D, EV 101.9 MPH) Jose Simental scores
|
Pitching: RHP Bobby Almonte
|
|
Batting: LHB Alex Chairez
|
0-0: 2-RUN HOME RUN (Flyball, 9D, EV 98.8 MPH), Distance : 390 ft
|
Batting: RHB Steve Errico
|
0-0: Ball 1-0: Ball 2-0: Ball 3-0: Called Strike 3-1: DOUBLE (Flyball, 89D, EV 96.2 MPH)
|
Batting: RHB Fernando Mejia
|
0-0: Ball 1-0: Called Strike 1-1: Called Strike Balk! Steve Errico to third 1-2: SINGLE (Groundball, 3D, EV 95.6 MPH) Steve Errico scores
|
Batting: RHB Jesus Menjivar
|
0-0: Ball Passed Ball! Fernando Mejia to second 1-0: Called Strike 1-1: TRIPLE (Flyball, 78XD, EV 98.1 MPH) Fernando Mejia scores
|
Batting: RHB Daniel Pena
|
0-0: Swinging Strike 0-1: Ball 1-1: Swinging Strike Passed Ball! Jesus Menjivar scores 1-2: Strikes out swinging
|
Batting: RHB Mohammed bin Ubaida
|
0-0: Ball 1-0: Swinging Strike 1-1: Ball 2-1: Ball 3-1: Base on Balls
|
Pitching: RHP Masato Iwase
|
|
Batting: RHB Frank Pena
|
0-0: DOUBLE (Groundball, 5L, EV 97.5 MPH) Mohammed bin Ubaida to third
|
Batting: LHB Jose Simental
|
0-0: Ball Passed Ball! Mohammed bin Ubaida scores Frank Pena to third 1-0: Swinging Strike 1-1: Ball 2-1: Ball 3-1: Called Strike 3-2: 2-RUN HOME RUN (Flyball, 89XD, EV 108.8 MPH), Distance : 444 ft
|
Batting: SHB C.J. Olivares
|
0-0: Called Strike 0-1: Ball 1-1: Ball 2-1: Ball 3-1: Called Strike 3-2: Strikes out swinging
|
Batting: LHB Alex Chairez
|
0-0: Ball 1-0: Ball 2-0: Swinging Strike 2-1: Foul Ball, location: 2F 2-2: Ball 3-2: Base on Balls
|
Batting: RHB Steve Errico
|
0-0: Ball Passed Ball! Alex Chairez to second 1-0: Called Strike 1-1: Ground out U3 (Groundball, 34, EV 91.9 MPH)
|
Top of the 6th over - 9 runs, 8 hits, 0 errors, 1 left on base; Helena 19 - Chicago (APP) 1 |
BOTTOM OF THE 6TH |
Chicago (APP) Cubs batting - Pitching for Helena Brewers : LHP Mamoru Okazaki
|
Batting: RHB Jorge Gonzalez
|
0-0: Swinging Strike 0-1: Swinging Strike 0-2: Ball 1-2: Strikes out swinging, 2-3 out at first.
|
Batting: LHB Jose Mafano
|
0-0: Ball 1-0: Ball 2-0: Foul Ball, location: 2F 2-1: Swinging Strike 2-2: Strikes out swinging
|
Batting: RHB Andy Baumhardt
|
0-0: Ball 1-0: Ball 2-0: Foul Ball, location: 2F 2-1: Foul Ball, location: 2F 2-2: Strikes out swinging
|
Bottom of the 6th over - 0 runs, 0 hits, 0 errors, 0 left on base; Helena 19 - Chicago (APP) 1 |
TOP OF THE 7TH |
Helena Brewers batting - Pitching for Chicago (APP) Cubs : RHP Masato Iwase
|
Batting: RHB Fernando Mejia
|
0-0: SINGLE (Groundball, 5S, EV 73.1 MPH) (infield hit)
|
Batting: RHB Jesus Menjivar
|
0-0: Ball 1-0: Ball 2-0: Ball 3-0: Called Strike 3-1: Foul Ball, location: 2F 3-2: Strikes out swinging
|
Batting: RHB Daniel Pena
|
0-0: 2-RUN HOME RUN (Flyball, 7LD, EV 100.0 MPH), Distance : 355 ft
|
Batting: RHB Mohammed bin Ubaida
|
0-0: Called Strike 0-1: Swinging Strike 0-2: SINGLE (Groundball, 5, EV 97.5 MPH)
|
Batting: RHB Frank Pena
|
0-0: DOUBLE (Groundball, 5L, EV 106.9 MPH) Mohammed bin Ubaida to third
|
Batting: LHB Jose Simental
|
0-0: Called Strike 0-1: Ball Passed Ball! Mohammed bin Ubaida scores Frank Pena to third 1-1: Called Strike 1-2: Strikes out swinging
|
Batting: SHB C.J. Olivares
|
0-0: Ball 1-0: Ball Passed Ball! Frank Pena scores 2-0: Fly out, F6 (Line Drive, 56D, EV 70.6 MPH)
|
Top of the 7th over - 4 runs, 4 hits, 0 errors, 0 left on base; Helena 23 - Chicago (APP) 1 |
BOTTOM OF THE 7TH |
Chicago (APP) Cubs batting - Pitching for Helena Brewers : LHP Mamoru Okazaki
|
Batting: SHB Jim Lloyd
|
0-0: Ball 1-0: Ball 2-0: Ground out 4-3 (Groundball, 4, EV 108.1 MPH)
|
Batting: RHB Andy Villarreal
|
0-0: Ball 1-0: Hit by Pitch
|
Batting: SHB Rob Craft
|
0-0: Bunted foul 0-1: Bunted foul 0-2: Ball 1-2: Bunt missed, Strikeout!
|
Pitching: RHP Silvian Mans
|
|
Batting: SHB Joshua Vincent
|
0-0: Ball 1-0: Ball 2-0: Ball 3-0: Called Strike 3-1: Fielders Choice at 2nd, U6 (Groundball, 6M, EV 89.4 MPH)
|
Bottom of the 7th over - 0 runs, 0 hits, 0 errors, 1 left on base; Helena 23 - Chicago (APP) 1 |
TOP OF THE 8TH |
Helena Brewers batting - Pitching for Chicago (APP) Cubs : RHP Masato Iwase
|
Batting: LHB Alex Chairez
|
0-0: Ball 1-0: Called Strike 1-1: Foul Ball, location: 2F 1-2: Ball 2-2: Foul Ball, location: 2F 2-2: Ball 3-2: Base on Balls
|
Batting: RHB Steve Errico
|
0-0: Called Strike 0-1: Foul Ball, location: 2F 0-2: Ball 1-2: Ball Wild Pitch! Alex Chairez to second 2-2: Ball 3-2: SINGLE (Groundball, 6S, EV 66.2 MPH) (infield hit) Alex Chairez to third
|
Batting: RHB Fernando Mejia
|
0-0: Fielders Choice at 2nd, 3-6 (Groundball, 34S, EV 86.2 MPH) Alex Chairez scores
|
Batting: RHB Jesus Menjivar
|
0-0: Called Strike 0-1: Ball Wild Pitch! Fernando Mejia to second 1-1: Ground out 6-3 (Groundball, P, EV 92.5 MPH) Fernando Mejia to third
|
Batting: RHB Daniel Pena
|
0-0: 2-RUN HOME RUN (Line Drive, 9LD, EV 95.0 MPH), Distance : 354 ft
|
Batting: RHB Mohammed bin Ubaida
|
0-0: Foul Ball, location: 2F 0-1: Foul Ball, location: 2F 0-2: Foul Ball, location: 2F 0-2: Ball 1-2: SINGLE (Groundball, 6MS, EV 70.6 MPH) (infield hit)
|
Batting: RHB Frank Pena
|
0-0: Ball Passed Ball! Mohammed bin Ubaida to second 1-0: Ball 2-0: Ball 3-0: Base on Balls
|
Batting: LHB Jose Simental
|
0-0: Ball 1-0: Called Strike 1-1: Ball 2-1: Called Strike 2-2: Foul Ball, location: 2F 2-2: Foul Ball, location: 2F 2-2: Strikes out swinging
|
Top of the 8th over - 3 runs, 3 hits, 0 errors, 2 left on base; Helena 26 - Chicago (APP) 1 |
BOTTOM OF THE 8TH |
Chicago (APP) Cubs batting - Pitching for Helena Brewers : RHP Silvian Mans
|
Batting: LHB Eddie Panagos
|
0-0: Called Strike 0-1: Called Strike 0-2: Foul Ball, location: 2F 0-2: Ball 1-2: Foul Ball, location: 2F 1-2: Strikes out swinging
|
Batting: RHB Lencho Otieno
|
0-0: Called Strike 0-1: Ball 1-1: Ball 2-1: Ball 3-1: Foul Ball, location: 2F 3-2: Strikes out looking
|
Batting: RHB Jorge Gonzalez
|
0-0: Foul Ball, location: 2F 0-1: Called Strike 0-2: Ball 1-2: Foul Ball, location: 2F 1-2: Strikes out looking
|
Bottom of the 8th over - 0 runs, 0 hits, 0 errors, 0 left on base; Helena 26 - Chicago (APP) 1 |
TOP OF THE 9TH |
Helena Brewers batting - Pitching for Chicago (APP) Cubs : RHP Masato Iwase
|
Batting: SHB C.J. Olivares
|
0-0: Called Strike 0-1: Ball 1-1: DOUBLE (Line Drive, 89D, EV 106.9 MPH)
|
Batting: LHB Alex Chairez
|
0-0: Ball 1-0: Ball 2-0: Ball 3-0: Base on Balls
|
Batting: RHB Steve Errico
|
0-0: SINGLE (Groundball, 56, EV 106.2 MPH) C.J. Olivares to third Alex Chairez to second
|
Batting: RHB Fernando Mejia
|
0-0: SINGLE (Flyball, 7LS, EV 96.2 MPH) C.J. Olivares scores Alex Chairez to third Steve Errico to second
|
Batting: RHB Jesus Menjivar
|
0-0: Ball Passed Ball! Alex Chairez scores Steve Errico to third Fernando Mejia to second 1-0: Ball 2-0: Called Strike 2-1: Ball 3-1: Base on Balls
|
Batting: RHB Daniel Pena
|
0-0: Foul Ball, location: 2F 0-1: Ball 1-1: Ball 2-1: Ball 3-1: Base on Balls Steve Errico scores Fernando Mejia to third Jesus Menjivar to second
|
Batting: RHB Mohammed bin Ubaida
|
0-0: Foul Ball, location: 2F 0-1: Foul Ball, location: 2F 0-2: Reached on error, E5 (Groundball, 56, EV 77.5 MPH) Fernando Mejia scores Jesus Menjivar to third Daniel Pena to second
|
Pinch Hitting: RHB Chris Riddel
|
0-0: Fly out, F4 (Popup, 3S, EV 79.4 MPH)
|
Batting: LHB Jose Simental
|
0-0: Fielders Choice at 2nd, 6-4 (Groundball, 56, EV 84.4 MPH) Jesus Menjivar scores Daniel Pena to third
|
Batting: SHB C.J. Olivares
|
0-0: Fielders Choice at 2nd, 5-4 (Groundball, 56, EV 80.6 MPH)
|
Top of the 9th over - 5 runs, 3 hits, 1 error, 2 left on base; Helena 31 - Chicago (APP) 1 |
BOTTOM OF THE 9TH |
Chicago (APP) Cubs batting - Pitching for Helena Brewers : RHP Silvian Mans
|
Now at C: Chris Riddel
|
|
Batting: LHB Jose Mafano
|
0-0: Ball 1-0: Ball 2-0: Ball 3-0: Base on Balls
|
Batting: RHB Andy Baumhardt
|
0-0: Called Strike 0-1: Ball 1-1: Ball 2-1: Ball 3-1: Base on Balls Jose Mafano to second
|
Batting: SHB Jim Lloyd
|
0-0: Ball 1-0: Ball 2-0: Fly out, F8 (Flyball, 8LD, EV 95.0 MPH)
|
Batting: RHB Andy Villarreal
|
0-0: Called Strike 0-1: Foul Ball, location: 2F 0-2: Ball Wild Pitch! Jose Mafano to third Andy Baumhardt to second 1-2: Strikes out swinging
|
Batting: SHB Rob Craft
|
0-0: Ball 1-0: Ball 2-0: Called Strike 2-1: Swinging Strike 2-2: Strikes out looking
|
Bottom of the 9th over - 0 runs, 0 hits, 0 errors, 2 left on base; Helena 31 - Chicago (APP) 1 |
|